 Dungeon Crawl Stone Soup version 0.27-a0-965-gbf8bb431c4 (webtiles) character file.

Game seed: 6795358150501875194

4398 robertstho the Covert (level 10, 0/72 HPs)
             Began as an Octopode Berserker on Apr 12, 2021.
             Was an Elder of Trog.
             Slain by a yak (17 damage)
             ... on level 8 of the Dungeon.
             The game lasted 00:12:03 (9229 turns).

robertstho the Covert (Octopode Berserker)          Turns: 9229, Time: 00:12:03

Health: 0/72       AC:  1    Str: 17    XL:     10   Next: 35%
Magic:  10/10      EV: 27    Int: 10    God:    Trog [****..]
Gold:   369        SH:  8    Dex: 14    Spells: 9/9 levels left

rFire    . . .     SeeInvis .   d - +2 dagger (venom)
rCold    . . .     Faith    .   s - +0 kite shield
rNeg     . . .     Spirit   .   (helmet restricted)
rPois    +         Reflect  .   n - amulet of the acrobat
rElec    +         Harm     .   b - ring of Doors {rElec rCorr Stlth+}
rCorr    +         Rampage  .   C - ring of poison resistance
Will     .....                  (no ring)
Stlth    +++++++...             (no ring)
HPRegen  0.22/turn              (no ring)
MPRegen  0.12/turn              (no ring)
                                (no ring)
                                (no ring)

@: on berserk cooldown, acrobatic, slowed, very slow
A: almost no armour, amphibious, 8 rings, camouflage 1, gelatinous body 1,
(nimble swimmer 1), tentacles
a: Renounce Religion, Berserk, Trog's Hand, Brothers in Arms


You were on level 8 of the Dungeon.
You worshipped Trog.
Trog was greatly pleased with you.
You visited 1 branch of the dungeon, and saw 8 of its levels.

You collected 369 gold pieces.

Inventory:

Hand Weapons
 d - a +2 dagger of venom (weapon)
 f - a +1 dagger of speed
 k - a +2 short sword of draining
 q - a +2 hand axe of flaming
 r - a +1 scimitar of holy wrath
Missiles
 u - a throwing net
 z - 4 curare-tipped darts
Armour
 s - a +0 kite shield (worn)
Jewellery
 b - the ring of Doors (left tentacle) {rElec rCorr Stlth+}
   (You acquired it on level 4 of the Dungeon)

   [ring of resist corrosion]

   It insulates you from electricity.
   It protects you from acid and corrosion.
   It makes you more stealthy.
 n - an amulet of the acrobat (around mantle)
 C - a ring of poison resistance (right tentacle)
Wands
 v - a wand of iceblast (13)
Scrolls
 g - a scroll of enchant armour {unknown}
 h - a scroll of brand weapon {unknown}
 i - 2 scrolls of teleportation
 l - 5 scrolls of noise {unknown}
 m - 2 scrolls of vulnerability {unknown}
 p - 4 scrolls of magic mapping
 t - a scroll of fear
 x - a scroll of fog {unknown}
 y - a scroll of enchant weapon {unknown}
 B - a scroll of summoning {unknown}
Potions
 a - a potion of haste {unknown}
 c - a potion of attraction
 e - a potion of brilliance {unknown}
 j - a potion of lignification {unknown}
 w - 2 potions of cancellation
 A - a potion of heal wounds {unknown}


   Skills:
 * Level 8.0 Fighting
 + Level 7.3 Short Blades
 + Level 5.7 Dodging
 * Level 12.9 Stealth
 + Level 2.0 Shields


You had 9 spell levels left.
You didn't know any spells.
Your spell library was empty.

Dungeon Overview and Level Annotations

Branches:
Dungeon (8/15)             Temple (0/1) D:4
   Lair: D:8-11

Altars:

Annotations:
D:7 3 runed translucent doors, RubberyChicken's ghost, novice DjGl; stormannn's ghost, novice DjTm


Innate Abilities, Weirdness & Mutations

You cannot wear most types of armour.
You are amphibious.
You can wear up to eight rings at the same time.
Your skin changes colour to match your surroundings (Stealth+).
Your rubbery body absorbs attacks. (AC +1, EV +1)
((You are camouflaged near water. (Stealth+)))
You have tentacles for arms and can constrict up to eight enemies at once.


Message History

You hit the hog.
The hog is lightly wounded.
You constrict the hog, but do no damage.
You constrict the hog.
You kill the hog!
Trog accepts your kill.
You hit the hog but do no damage.
The hog is poisoned.
The hog is lightly wounded.
You constrict the hog. The hog bites you.
* * * LOW HITPOINT WARNING * * *
You puncture the yak!
The yak is poisoned.
You squeeze the yak, but do no damage.
The yak is lightly wounded.
You constrict the hog. The hog misses you. The yak gores you!
* * * LOW HITPOINT WARNING * * *
You release your grip on the hog.
There is an open door here.
You feel a strong urge to attack something.
You are no longer berserk.
You are exhausted.
You feel yourself slow down. The hog completely misses you.
You feel better. You block the hog's attack. The hog bites you.
* * * LOW HITPOINT WARNING * * *
You feel better. The hog bites you!
* * * LOW HITPOINT WARNING * * *
The hog misses you. The hog closely misses you.
Your black bear goes berserk!
You block the hog's attack. The hog closely misses you.
Your black bear bites the yak but does no damage.
Your black bear claws the yak. x2
Your black bear rages.
You block the hog's attack.
Your black bear bites the hog!
Your black bear claws the hog!
The hog dies!
Trog accepts your kill.
Your black bear rages.
The yak gores you!
You die...

#....##.....#.#.....[...........#
.....)....#..########...........#
....#........#.....#.[...........
#...#.....#..#.....#.............
...#.....###.###'###..........#
##.##....#...#Y†...#...<.....##
#####.......'.)...#...........
##......#######...........
#........hY@............<#
###.#.....#............###
#.##....#....>......##
####....###.......... #....#
####..##.... #...## .# ##### .


You could see a yak (poisoned, ally target) and a friendly black bear (summoned,
berserk).

Vanquished Creatures
  A centaur zombie (D:5)
  A human (D:8)
  2 hogs (D:8)
  2 steam dragons
  Menkaure (D:4)
  An orc warrior (D:3)
  2 water moccasins
  An ice beast (D:8)
  3 sky beasts
  2 necrophages
  2 ogres (D:6)
  2 centaurs
  2 phantoms (D:5)
  2 bullfrogs
  A gnoll sergeant (D:5)
  A scorpion (D:6)
  A wyvern zombie (D:6)
  2 howler monkeys (D:6)
  11 wights
  A gnoll shaman (D:5)
  A jelly (D:7)
  2 orc priests
  Natasha (thrice) (D:2)
  5 orc wizards
  A killer bee zombie (D:5)
  A hound skeleton (D:5)
  A hound zombie (D:5)
  A howler monkey zombie (D:6)
  Robin (D:2)
  2 howler monkey skeletons (D:7)
  8 adders
  11 gnolls
  2 shadow imps
  A white imp (D:7)
  4 worms
  3 dart slugs
  25 orcs
  9 ball pythons
  4 bats (D:2)
  6 endoplasms
  A giant cockroach (D:2)
  26 goblins
  8 hobgoblins
  3 jackals (D:5)
  5 quokkas
  2 frilled lizards
  4 kobolds
  2 rats
183 creatures vanquished.

Vanquished Creatures (collateral kills)
  A gargoyle (D:8)
  A hog (D:8)
  A centaur (D:8)
  A wight (D:8)
  An orc wizard (D:8)
  5 orcs (D:8)
10 creatures vanquished.

Vanquished Creatures (others)
  6 withered plants (D:7)
6 creatures vanquished.

Grand Total: 199 creatures vanquished

Notes
Turn   | Place    | Note
-------+----------+-------------------------------------------
     0 | D:1      | robertstho the Octopode Berserker began the quest for the
                  | Orb.
     0 | D:1      | Reached XP level 1. HP: 16/16 MP: 1/1
   242 | D:1      | Reached XP level 2. HP: 15/21 MP: 2/2
   445 | D:1      | Found a faded altar of an unknown god.
   785 | D:1      | Reached skill level 1 in Stealth
  1075 | D:2      | Reached XP level 3. HP: 26/26 MP: 3/3
  1146 | D:2      | Noticed Natasha
  1152 | D:2      | Killed Natasha
  1153 | D:2      | Reached skill level 2 in Stealth
  1280 | D:2      | Reached XP level 4. HP: 29/32 MP: 4/4
  1345 | D:2      | Reached ** piety under Trog
  1717 | D:2      | Noticed Natasha
  1728 | D:2      | Killed Natasha
  1949 | D:2      | Noticed Natasha
  1957 | D:2      | Killed Natasha
  1958 | D:2      | Reached skill level 3 in Stealth
  1958 | D:2      | Reached XP level 5. HP: 37/37 MP: 5/5
  2225 | D:2      | Reached skill level 4 in Stealth
  2380 | D:2      | Noticed Robin
  2387 | D:2      | Killed Robin
  2689 | D:3      | Reached XP level 6. HP: 43/43 MP: 6/6
  2694 | D:3      | You fall into a shaft and drop 3 floors!
  2714 | D:5      | Entered Level 5 of the Dungeon
  2730 | D:5      | Noticed a sky beast
  2734 | D:5      | Reached *** piety under Trog
  2735 | D:5      | Reached skill level 5 in Fighting
  2735 | D:5      | Reached skill level 5 in Short Blades
  2735 | D:5      | Reached skill level 6 in Stealth
  2735 | D:5      | Reached XP level 7. HP: 19/50 MP: 7/7
  3141 | D:4      | Noticed Menkaure
  3151 | D:4      | Killed Menkaure
  3299 | D:4      | Identified a scroll of acquirement
  3299 | D:4      | Acquired the ring of Doors {rElec rCorr Stlth+}
  3416 | D:4      | Reached skill level 7 in Stealth
  3416 | D:4      | Reached XP level 8. HP: 38/56 MP: 8/8
  3651 | D:4      | Found a staircase to the Ecumenical Temple.
  4274 | D:3      | Reached skill level 8 in Stealth
  4744 | D:5      | Reached **** piety under Trog
  5106 | D:5      | Reached skill level 9 in Stealth
  6144 | D:6      | Reached XP level 9. HP: 63/63 MP: 9/9
  6167 | D:6      | Reached skill level 10 in Stealth
  6865 | D:6      | Reached skill level 11 in Stealth
  7183 | D:6      | You fall into a shaft and drop 2 floors!
  7191 | D:8      | Noticed a gargoyle
  7196 | D:8      | Reached skill level 5 in Dodging
  7214 | D:8      | Killed a gargoyle
  7215 | D:8      | Reached skill level 1 in Shields
  7442 | D:7      | Found a runed translucent gate.
  7442 | D:7      | Found a runed translucent gate.
  7442 | D:7      | Found a runed translucent gate.
  7648 | D:7      | Reached skill level 12 in Stealth
  7772 | D:7      | Reached XP level 10. HP: 60/71 MP: 10/10
  8182 | D:7      | Noticed RubberyChicken's ghost (novice DjGl)
  8182 | D:7      | Noticed stormannn's ghost (novice DjTm)
  8764 | D:8      | HP: 5/102 [steam dragon (3)]
  9229 | D:8      | Slain by a yak

Illustrated notes

Levels and vault maps discovered:
D:1:      lemuel_arrival_funnel, layout_basic,
          hellmonk_ecumenical_altar_pennies_from_heaven
D:2:      cheibrodos_greedy_goblins, layout_loops_cross, uniq_natasha,
          uniq_robin
D:3:      layout_rooms
D:4:      layout_loops_ring, minmay_temple_entry_glass, uniq_menkaure
D:5:      layout_rooms, minivault_26, minmay_misc_feat_doors, grunt_decor_cap,
          hangedman_decor_slide_cut, minmay_stone_trees_small
D:6:      layout_basic, kb_lookout_dungeons_type
D:7:      layout_cave_pools, gammafunk_ghost_cemetery,
          minmay_misc_feat_four_crosses, dk_noncrumbling_3
D:8:      layout_cave_pools, grunt_livestock

Skill      XL: |  1  2  3  4  5  6  7  8  9 10 |
---------------+-------------------------------+-----
Stealth        | 1 2 3 4 6 7 9 12 | 12.9
Short Blades   | 4 5 6 7 |  7.3
Fighting       | 4 5 6 7 8 |  8.0
Dodging        | 4 5 |  5.7
Shields        | 1 2 |  2.0

Action                   |  1- 3 |  4- 6 |  7- 9 | 10-12 || total
-------------------------+-------+-------+-------+-------++-------
Melee: Short sword       |    23 |    40 |    20 |       ||    83
       Tentacles         |    10 |    27 |    61 |    16 ||   114
       Constrict         |     8 |    24 |    49 |    14 ||    95
       Dagger            |    11 |    81 |   246 |    57 ||   395
Invok: Berserk           |     2 |     5 |    11 |     5 ||    23
       Brothers in Arms  |       |       |     1 |     1 ||     2
       Trog's Hand       |       |       |     1 |       ||     1
  Use: Scroll            |       |       |    10 |     1 ||    11
       Potion            |       |       |       |     2 ||     2
 Stab: Sleeping          |     6 |     6 |    25 |     1 ||    38
       Distracted        |       |       |     4 |       ||     4
Armor: Skin              |     1 |     9 |     5 |       ||    15
Dodge: Dodged            |    14 |    63 |   137 |    24 ||   238
Block: Kite shield       |       |       |    21 |    20 ||    41

Table legend: (Time is in decaauts)
 A = Elapsed time spent in this place.
 B = Non-inter-level travel time spent in this place.
 C = Inter-level travel time spent in this place.
 D = Time resting spent in this place.
 E = Time spent auto-exploring this place.
 F = Levels seen in this place.
 G = Mean time per level.
                   A        B        C        D        E       F      G
               +--------+--------+--------+--------+--------+-----+--------+
         Total |   9334 |   9019 |    315 |   3376 |   4227 |   8 | 1166.8 |
       Dungeon |   9334 |   9019 |    315 |   3376 |   4227 |   8 | 1166.8 |
               +--------+--------+--------+--------+--------+-----+--------+

Top non-repeatable levels by time:
     D:4: 1868 daAuts
     D:2: 1658 daAuts
     D:7: 1626 daAuts
     D:6: 1107 daAuts
     D:1: 1079 daAuts
     D:5: 855 daAuts
     D:3: 692 daAuts
     D:8: 445 daAuts
